 Dungeon Crawl Stone Soup version 0.27-a0-1202-ge72e49191c (webtiles) character file.

Game seed: 1208592951076885344

132037 27snakeeyes612 the Severer (level 17, -8/162 HPs)
             Began as a Naga Fighter on June 4, 2021.
             Was the Champion of Cheibriados.
             Shot with an arrow by a naga sharpshooter (14 damage)
             ... led by Vashnia
             ... on level 3 of the Snake Pit.
             The game lasted 00:39:27 (36415 turns).

27snakeeyes612 the Severer (Naga Fighter)          Turns: 36415, Time: 00:39:29

Health: -8/162     AC: 26    Str: 44    XL:     17   Next: 11%
Magic:  25/25      EV:  7    Int: 31    God:    Cheibriados [******]
Gold:   1366       SH:  5    Dex: 26    Spells: 16/16 levels left

rFire    + + .     SeeInvis +   E - +3 executioner's axe (drain)
rCold    . . .     Faith    .   (shield currently unavailable)
rNeg     + + .     Spirit   .   i - +0 plate armour
rPois    +         Reflect  +   c - +0 helmet
rElec    .         Harm     .   x - +2 cloak
rCorr    +         Rampage  .   D - +1 pair of gloves {Str+3}
Will     ++...                  a - +0 barding
Stlth    +.........             f - amulet of reflection
HPRegen  0.37/turn              R - ring of Mistrust {rF+ rN+ Str+3 Int+3}
MPRegen  0.19/turn              V - ring of the Circus Animal {rF+ rN+ rCorr Int+2}

@: lethally poisoned (-8 -> -9), constricted, studying 2 skills, very slow
A: AC +5, large, see invisible, deformed body, poison resistance, slowness 2,
spit poison 1, naga tail 2
a: Spit Poison, Renounce Religion, Bend Time, Temporal Distortion, Slouch, Step
From Time


You were on level 3 of the Snake Pit.
You worshipped Cheibriados.
Cheibriados was exalted by your worship.
You visited 5 branches of the dungeon, and saw 27 of its levels.
You visited the Abyss 1 time.

You collected 4138 gold pieces.
You spent 2772 gold pieces at shops.

Inventory:

Hand Weapons
 b - the +8 battleaxe of the Undead {drain, rPois rC+}
   (You bought it in a shop on level 13 of the Dungeon)

   A truly terrible weapon, it drains the life of those it strikes.
   It protects you from cold.
   It protects you from poison.
 E - a +3 executioner's axe of draining (weapon)
 G - a +6 war axe
Missiles
 n - 4 throwing nets
 s - 2 boomerangs of dispersal
 C - 4 atropa-tipped darts
Armour
 a - a +0 barding (worn)
 c - a +0 helmet (worn)
 i - a +0 plate armour (worn)
 x - a +2 cloak (worn)
 D - a +1 pair of gloves of strength (worn)
Jewellery
 d - an amulet of magic regeneration
 f - an amulet of reflection (around neck)
 j - a +4 ring of slaying
 q - a +4 ring of protection
 r - a ring of resist corrosion
 K - an amulet of the acrobat
 L - a ring of ice
 M - a +6 ring of intelligence
 P - a ring of protection from fire
 R - the ring of Mistrust (left hand) {rF+ rN+ Str+3 Int+3}
   (You bought it in a shop on level 2 of the Orcish Mines)

   [ring of positive energy]

   It affects your strength (+3).
   It affects your intelligence (+3).
   It protects you from fire.
   It protects you from negative energy.
 V - the ring of the Circus Animal (right hand) {rF+ rN+ rCorr Int+2}
   (You bought it in a shop on level 2 of the Orcish Mines)

   [ring of positive energy]

   It affects your intelligence (+2).
   It protects you from fire.
   It protects you from negative energy.
   It protects you from acid and corrosion.
Wands
 e - a wand of charming (3)
 g - a wand of acid (4) (quivered)
 v - a wand of mindburst (25)
 y - a wand of digging (9)
 Q - a wand of paralysis (25)
 Y - a wand of flame (13)
 Z - a wand of polymorph (8)
Scrolls
 o - 4 scrolls of enchant weapon
 H - 6 scrolls of identify
 J - 3 scrolls of teleportation
 N - a scroll of summoning
 S - a scroll of immolation
 T - 2 scrolls of enchant armour
 U - 2 scrolls of magic mapping
 W - 2 scrolls of fear
 X - a scroll of amnesia
Potions
 h - 5 potions of flight
 k - 5 potions of haste
 l - 3 potions of attraction
 m - 2 potions of heal wounds
 p - 3 potions of brilliance
 t - 7 potions of might
 u - a potion of berserk rage
 w - 6 potions of lignification
 z - 5 potions of curing
 A - 3 potions of ambrosia
 B - 3 potions of cancellation
 F - a potion of magic
 I - 3 potions of mutation
 O - 2 potions of resistance


   Skills:
 + Level 12.5 Fighting
 + Level 19.2 Axes
 + Level 7.3 Armour
 + Level 7.2 Dodging
 + Level 12.5 Stealth
 + Level 7.2 Shields
 * Level 11.5 Invocations
 + Level 4.1 Evocations


You had 16 spell levels left.
You didn't know any spells.
Your spell library contained the following spells:

 Spells                   Type           Power      Damage    Failure   Level
 Animate Skeleton         Necr           0%         N/A       36%         1
 Apportation              Tloc           0%         N/A       36%         1
 Corona                   Hex            0%         N/A       36%         1
 Freeze                   Ice            0%         1d3       36%         1
 Magic Dart               Conj           0%         1d3       36%         1
 Sandblast                Erth           0%         2d4       36%         1
 Summon Small Mammal      Summ           0%         N/A       36%         1
 Call Imp                 Summ           0%         N/A       52%         2
 Passwall                 Tmut/Erth      0%         N/A       52%         2
 Searing Ray              Conj           0%         3d3       52%         2
 Call Canine Familiar     Summ           0%         N/A       75%         3
 Dazzling Flash           Conj/Hex       0%         N/A       75%         3
 Frozen Ramparts          Ice            0%         1d2       75%         3
 Ozocubu's Armour         Ice            0%         N/A       75%         3
 Stone Arrow              Conj/Erth      0%         3d7       75%         3
 Summon Guardian Golem    Hex/Summ       0%         N/A       75%         3
 Fulminant Prism          Conj/Hex       0%         3d6       98%         4
 Hailstorm                Conj/Ice       0%         3d3       98%         4
 Iskenderun's Mystic Bla  Conj/Tloc      0%         2d3       98%         4
 Petrify                  Tmut/Erth      0%         N/A       98%         4
 Summon Ice Beast         Ice/Summ       0%         N/A       98%         4
 Summon Lightning Spire   Summ/Air       0%         N/A       98%         4
 Irradiate                Conj/Tmut      0%         3d13      100%        5
 Lee's Rapid Deconstruct  Erth           0%         3d5*      100%        5
 Metabolic Englaciation   Hex/Ice        0%         N/A       100%        5
 Blade Hands              Tmut           0%         N/A       100%        6
 Statue Form              Tmut/Erth      0%         N/A       100%        6
 Dragon Form              Tmut           0%         N/A       100%        7


Dungeon Overview and Level Annotations

Branches:
Dungeon (15/15)            Temple (1/1) D:7            Lair (6/6) D:10
 Shoals (0/4) Lair:3        Snake (2/4) Lair:4          Orc (2/2) D:9
    Elf (0/3) Orc:2        Vaults (0/5) D:14         Depths (0/5) D:15
  Slime: Lair:5-6

Altars:
Ashenzari
Cheibriados
Dithmenos
Elyvilon
Fedhas
Gozag
Hepliaklqana
Kikubaaqudgha
Makhleb
Nemelex Xobeh
Okawaru
Qazlal
Ru
Sif Muna
Trog
Uskayaw
Vehumet
Wu Jian
Xom
Yredelemnul
Zin
The Shining One
Jiyva

Shops:
D:2 ?   D:13 **[   Orc:1 =*!!   Orc:2 (=(::   Snake:1 [

Annotations:
D:8 2 transporters
D:10 1 runed translucent door
D:12 exclusion: orange crystal statue
Lair:4 3 runed translucent doors, Tessuop's ghost, journeyman VSFi
Lair:5 1 runed translucent door
Lair:6 exclusions: obsidian statue and 2 oklob plants
Snake:3 Vashnia


Innate Abilities, Weirdness & Mutations

Your serpentine skin is tough. (AC +5)
You have supernaturally acute eyesight. (SInv)
Armour fits poorly on your strangely shaped body.
Your system is resistant to poisons. (rPois)
You cover ground very slowly.
You can spit poison.
You can use your snake-like lower body to constrict enemies.


Message History

The anaconda constricts you.
The shock serpent bites you but does no damage.
The naga sharpshooter unwields a +0 glaive.
The naga sharpshooter wields a +0 arbalest.
The naga sharpshooter shoots a bolt.
The bolt hits you but does no damage.
The naga sharpshooter unwields a +0 glaive.
The naga sharpshooter wields a +0 shortbow.
The naga sharpshooter casts a spell.
The naga sharpshooter magically shoots an arrow.
The arrow hits you!
The anaconda bites you but does no damage.
You escape the anaconda's grasp.
You feel sick.
The shock serpent bites you but does no damage.
The anaconda grabs you.
You stop ascending the stairs.
The anaconda bites you. The anaconda constricts you.
The anaconda bites you but does no damage.
Vashnia spits poison at you.
The splash of poison hits you but does no damage.
You resist.
The naga sharpshooter spits poison at you.
The splash of poison hits you but does no damage.
You resist.
The naga sharpshooter casts a spell.
The naga sharpshooter magically shoots a bolt.
The bolt hits you.
A shock serpent comes into view.
The shock serpent hisses angrily.
You escape the anaconda's grasp.
You feel sick. The anaconda grabs you.
You stop ascending the stairs.
The anaconda barely misses you. The anaconda constricts you.
The shock serpent barely misses you. The anaconda barely misses you.
The naga sharpshooter shoots a bolt.
The bolt hits you!
* * * LOW HITPOINT WARNING * * *
The naga sharpshooter shoots an arrow.
You reflect the arrow off an invisible shield around you!
The arrow barely misses the naga sharpshooter.
Vashnia shoots an arrow.
The arrow hits you!!!
* * * LOW HITPOINT WARNING * * *
The naga sharpshooter shoots an arrow.
The arrow hits you!
You die...

.....# .♣...#
.....##
.N...##
######..♣N.##
......N.N...#
.....N..N..#
...♣..♣S@.♣.+
.......SS...#
.......N....#
######..♣..##
.N...##
.....##
.♣...##
.....##
.....#


You could see Vashnia, 4 naga sharpshooters, a salamander, 2 anacondas, a shock
serpent, a naga mage (fast) and a naga.

Vanquished Creatures
  Gastronok (Lair:2)
  The ghost of crabbyslav the Genius of the Arcane, an adept DsVM of Sif Muna (Orc:2)
  A stone giant (D:15)
  Azrael (D:13)
  3 dire elephants (Lair:6)
  Snorg (Lair:4)
  A merfolk javelineer (Orc:2)
  The ghost of Dufo Axt the Slicer, a journeyman MfHu of Okawaru (Orc:1)
  2 fire dragons
  Fannar (D:11)
  5 boulder beetles
  Harold (D:7)
  7 hydras
  4 vault guards (D:14)
  3 naga warriors (Snake:1)
  An ogre mage (D:15)
  A death knight (D:14)
  2 anacondas
  Erica (D:11)
  3 centaur warriors
  3 tengu warriors
  8 two-headed ogres
  A death yak (Lair:6)
  A shock serpent (Snake:1)
  A spectral dire elephant (Lair:6)
  6 orc high priests
  3 naga sharpshooters (Snake:1)
  6 skeletal warriors
  A spectral anaconda (Lair:6)
  A spectral death yak (Lair:6)
  A deep elf archer (Orc:2)
  A flayed ghost (Abyss:2)
  3 necromancers (Lair:6)
  Pikel (D:8)
  7 orc knights
  2 deep elf pyromancers
  A mana viper (Snake:1)
  A wolf spider (D:15)
  2 manticores (D:14)
  An orc sorcerer (Orc:2)
  11 ugly things
  3 cyclopes
  6 black mambas
  Maurice (D:8)
  25 elephants
  A cane toad (shapeshifter) (D:14)
  5 torpor snails
  16 cane toads
  Joseph (D:7)
  2 naga magi (Snake:1)
  5 rime drakes
  An efreet (D:13)
  12 komodo dragons
  Maggie (D:8)
  4 kobold demonologists (D:9)
  A yaktaur (D:15)
  A demonic crawler (Abyss:2)
  2 freezing wraiths
  A tengu conjurer (D:15)
  5 trolls
  3 polar bears
  A jumping spider (shapeshifter) (D:15)
  4 spectral elephants (Lair:6)
  Prince Ribbit (D:8)
  28 blink frogs
  22 slime creatures
  Sigmund (D:5)
  A dire elephant simulacrum (Lair:6)
  4 shadows
  A tarantella (shapeshifter) (D:15)
  5 wyverns
  7 humans (D:14)
  2 water elementals
  3 fire elementals (D:13)
  A wraith (D:14)
  76 yaks
  2 steam dragons
  Eustachio (D:6)
  3 vampire mosquitoes (D:13)
  4 basilisks
  A death yak simulacrum (Lair:6)
  5 wargs
  4 spectral cane toads (Lair:6)
  5 nagas
  5 hell hounds (D:13)
  2 acid dragons (D:10)
  10 water moccasins
  A black bear (D:7)
  29 orc warriors
  5 elephant zombies (Lair:6)
  A hornet zombie (D:6)
  An ice beast (D:8)
  4 ogres
  3 necrophages
  25 centaurs
  16 wolves
  A phantom (D:6)
  An elephant skeleton (Lair:6)
  2 lemures (D:8)
  10 bullfrogs
  A small abomination (Abyss:2)
  11 scorpions
  2 wyvern zombies
  3 cane toad simulacra (Lair:6)
  2 water moccasin skeletons
  2 elephant simulacra (Lair:6)
  6 killer bees
  6 wights
  An electric eel (Lair:2)
  4 howler monkeys (D:9)
  3 centaur zombies
  A bullfrog zombie (D:5)
  A jelly (D:6)
  A gnoll shaman (D:7)
  3 hounds
  2 centaur skeletons
  30 orc priests
  16 orc wizards
  Ijyb (D:4)
  4 iguanas
  Natasha (thrice) (D:2)
  4 hell rats (Lair:3)
  A killer bee zombie (D:7)
  A hound skeleton (D:4)
  A howler monkey skeleton (D:7)
  6 gnolls
  4 adders
  A shadow imp (D:8)
  A white imp (D:6)
  An adder skeleton (D:4)
  2 worms (D:2)
  2 dart slugs
  56 orcs
  2 ball pythons
  5 endoplasms
  3 giant cockroaches
  5 goblins
  6 hobgoblins
  6 jackals (D:1)
  6 quokkas
  6 bats
  3 frilled lizards
  13 kobolds
  4 rats
  2 rat zombies (D:6)
  2 butterflies
743 creatures vanquished.

Vanquished Creatures (others)
  A deep elf archer (Orc:2)
  A human (D:14)
  A bush (Lair:6)
  48 fungi
  A lurking horror (Abyss:2)
  90 plants
  36 withered plants (Lair:6)
178 creatures vanquished.

Grand Total: 921 creatures vanquished

Notes
Turn   | Place    | Note
-------+----------+-------------------------------------------
     0 | D:1      | 27snakeeyes612 the Naga Fighter began the quest for the
                  | Orb.
     0 | D:1      | Reached XP level 1. HP: 21/21 MP: 1/1
    10 | D:1      | Noticed an electric eel
   155 | D:1      | Reached XP level 2. HP: 26/28 MP: 2/2
   701 | D:1      | Reached XP level 3. HP: 33/34 MP: 3/3
   896 | D:1      | Found a faded altar of an unknown god.
  1085 | D:2      | Noticed Natasha
  1090 | D:2      | Killed Natasha
  1091 | D:2      | Reached XP level 4. HP: 18/42 MP: 4/4
  1287 | D:2      | Noticed Natasha
  1295 | D:2      | Killed Natasha
  1296 | D:2      | Reached skill level 3 in Axes
  1299 | D:2      | Noticed Natasha
  1313 | D:2      | Killed Natasha
  1314 | D:2      | Reached skill level 1 in Stealth
  1541 | D:2      | Found an iron altar of Okawaru.
  1670 | D:2      | Reached XP level 5. HP: 49/49 MP: 5/5
  1784 | D:2      | Reached skill level 1 in Dodging
  2088 | D:2      | Found Toelae's Magic Scroll Boutique.
  2678 | D:3      | Reached XP level 6. HP: 20/57 MP: 6/6
  2983 | D:3      | Noticed a necrophage
  3004 | D:3      | Killed a necrophage
  3005 | D:3      | Reached skill level 4 in Axes
  3420 | D:4      | Identified the +1 leather armour of the Blind Marksman
                  | {rElec Int-5 Dex+6 SInv}
  3442 | D:4      | Noticed a necrophage
  3480 | D:4      | Killed a necrophage
  3481 | D:4      | Reached XP level 7. HP: 64/64 MP: 7/7
  3745 | D:4      | Noticed Ijyb
  3858 | D:4      | Killed Ijyb
  4503 | D:5      | Entered Level 5 of the Dungeon
  4512 | D:5      | Reached skill level 5 in Axes
  4911 | D:5      | Reached XP level 8. HP: 73/73 MP: 8/8
  4919 | D:5      | Reached skill level 6 in Axes
  5337 | D:5      | Noticed Sigmund
  5353 | D:5      | Killed Sigmund
  5453 | D:5      | Found a radiant altar of Vehumet.
  5664 | D:6      | Noticed a yak
  5664 | D:6      | Noticed a yak
  5731 | D:6      | Identified 3 scrolls of acquirement
  5731 | D:6      | Acquired the +0 pair of gloves of the Elephant {rN+ rCorr
                  | Str+3}
  5740 | D:6      | Acquired a +1 executioner's axe of flaming
  5744 | D:6      | Acquired 643 gold pieces
  5779 | D:6      | Noticed Eustachio
  5808 | D:6      | Killed Eustachio
  5978 | D:6      | Found a sparkling altar of Nemelex Xobeh.
  5997 | D:6      | Reached skill level 7 in Axes
  6028 | D:6      | Noticed a yak
  6029 | D:6      | Noticed a yak
  6050 | D:6      | Reached XP level 9. HP: 49/80 MP: 9/9
  6055 | D:6      | Reached skill level 5 in Fighting
  6055 | D:6      | Reached skill level 5 in Shields
  6122 | D:6      | Found a sand-covered staircase.
  6480 | D:6      | Reached skill level 8 in Axes
  7001 | D:7      | Reached skill level 9 in Axes
  7412 | D:7      | Noticed Harold
  7412 | D:7      | Noticed a cyclops
  7516 | D:7      | Killed a cyclops
  7517 | D:7      | Reached XP level 10. HP: 15/91 MP: 10/10
  8056 | D:7      | Killed Harold
  8057 | D:7      | Reached skill level 10 in Axes
  8057 | D:7      | Reached skill level 1 in Evocations
  8418 | D:7      | Noticed Joseph
  8426 | D:7      | Found a staircase to the Ecumenical Temple.
  8437 | D:7      | Killed Joseph
  8451 | Temple   | Entered the Ecumenical Temple
  8747 | D:8      | Noticed Prince Ribbit
  8750 | D:8      | Found a transporter.
  8756 | D:8      | Killed Prince Ribbit
  9217 | D:8      | Reached skill level 11 in Axes
  9415 | D:8      | Found a transporter.
  9431 | D:8      | Noticed a two-headed ogre
  9439 | D:8      | Killed a two-headed ogre
  9440 | D:8      | Reached XP level 11. HP: 95/100 MP: 11/11
  9488 | D:8      | Noticed Maurice
  9493 | D:8      | Killed Maurice
  9537 | D:8      | Found a snail-covered altar of Cheibriados.
  9646 | D:8      | Noticed Maggie
  9650 | D:8      | Killed Maggie
  9651 | D:8      | Reached skill level 5 in Stealth
  9678 | D:8      | Noticed Pikel
  9689 | D:8      | Killed Pikel
  9690 | D:8      | Reached skill level 12 in Axes
  9894 | D:8      | Became a worshipper of Cheibriados the Contemplative
  9947 | D:9      | Found a staircase to the Orcish Mines.
 10126 | D:9      | Reached * piety under Cheibriados
 11164 | D:10     | Entered Level 10 of the Dungeon
 11349 | D:10     | Acquired a manual of Stealth
 11407 | D:10     | Found a staircase to the Lair.
 11427 | D:10     | Reached ** piety under Cheibriados
 11435 | D:10     | Reached skill level 13 in Axes
 11543 | D:10     | Found a sacrificial altar of Ru.
 11993 | D:10     | Found a runed translucent door.
 11995 | D:10     | Found a runed translucent door.
 12768 | D:10     | Reached XP level 12. HP: 106/110 MP: 12/12
 12930 | D:11     | Noticed a six-headed hydra
 12935 | D:11     | Killed a six-headed hydra
 13132 | D:11     | Noticed a boulder beetle
 13151 | D:11     | Killed a boulder beetle
 13340 | D:11     | Noticed a two-headed ogre
 13344 | D:11     | Reached *** piety under Cheibriados
 13348 | D:11     | Killed a two-headed ogre
 13349 | D:11     | Reached skill level 5 in Dodging
 13588 | D:11     | Noticed Fannar
 13602 | D:11     | Killed Fannar
 13603 | D:11     | Reached skill level 5 in Armour
 13621 | D:11     | Noticed a two-headed ogre
 13623 | D:11     | Noticed Erica
 13625 | D:11     | Noticed a fire dragon
 13632 | D:11     | Killed Erica
 13637 | D:11     | Killed a two-headed ogre
 13638 | D:11     | Reached skill level 14 in Axes
 13638 | D:11     | Reached skill level 1 in Invocations
 13914 | D:11     | Noticed a two-headed ogre
 13920 | D:11     | Killed a two-headed ogre
 14117 | D:11     | Noticed a two-headed ogre
 14125 | D:11     | Killed a two-headed ogre
 14424 | D:11     | Killed a fire dragon
 14919 | D:11     | Noticed a centaur warrior
 14921 | D:11     | Killed a centaur warrior
 14975 | D:12     | Noticed a two-headed ogre
 14991 | D:12     | Killed a two-headed ogre
 15133 | D:12     | Noticed a two-headed ogre
 15143 | D:12     | Killed a two-headed ogre
 15144 | D:12     | Gained mutation: You can use your snake-like lower body to
                  | constrict enemies. [Naga growth]
 15144 | D:12     | Reached XP level 13. HP: 29/121 MP: 6/15
 16178 | D:12     | Reached **** piety under Cheibriados
 16258 | D:12     | Reached skill level 15 in Axes
 16870 | Lair:1   | Entered Level 1 of the Lair of Beasts
 16997 | Lair:1   | You fall into a shaft and drop 1 floor!
 17007 | Lair:2   | Reached skill level 5 in Invocations
 17487 | Lair:2   | Reached ***** piety under Cheibriados
 18043 | Lair:2   | Reached skill level 10 in Fighting
 18107 | Lair:2   | Noticed Gastronok
 18121 | Lair:2   | Killed Gastronok
 18122 | Lair:2   | Reached skill level 10 in Stealth
 18122 | Lair:2   | Reached XP level 14. HP: 76/132 MP: 18/18
 18404 | Lair:2   | Identified the +2 short sword "Waquk Zaic" {flame, *Rage
                  | rElec rPois rN+}
 18800 | Lair:3   | Found a staircase to the Shoals.
 18959 | Lair:3   | Reached skill level 16 in Axes
 20233 | Lair:4   | Found a staircase to the Snake Pit.
 20620 | Lair:4   | Noticed Snorg
 20641 | Lair:4   | Killed Snorg
 21201 | Lair:4   | Reached ****** piety under Cheibriados
 21307 | Lair:4   | Found a runed translucent gate.
 21307 | Lair:4   | Found a runed translucent gate.
 21308 | Lair:4   | Found a runed translucent gate.
 21312 | Lair:4   | Noticed Tessuop's ghost (journeyman VSFi)
 21314 | Lair:4   | Found a viscous altar of Jiyva.
 22100 | Lair:5   | Found a runed translucent door.
 22265 | Lair:5   | Found a viscous altar of Jiyva.
 22458 | Lair:6   | Entered Level 6 of the Lair of Beasts
 22768 | Lair:6   | Noticed a dire elephant
 22768 | Lair:6   | Noticed a dire elephant
 22798 | Lair:6   | Noticed a dire elephant
 22803 | Lair:6   | Killed a dire elephant
 22814 | Lair:6   | Reached skill level 17 in Axes
 22814 | Lair:6   | Reached XP level 15. HP: 46/139 MP: 19/21
 23137 | Lair:6   | Found a snail-covered altar of Cheibriados.
 25119 | Lair:6   | Acquired 1208 gold pieces
 26489 | D:13     | Found Mumos's General Store.
 26500 | D:13     | Bought a +0 barding for 276 gold pieces
 26525 | D:13     | Found Pozuroc's Antique Armour Emporium.
 26763 | D:13     | Noticed Azrael
 26767 | D:13     | Killed Azrael
 26777 | D:13     | Reached skill level 18 in Axes
 27104 | D:13     | Found Xacoac's Assorted Antiques.
 27121 | D:13     | Bought a crystal battleaxe for 333 gold pieces
 27121 | D:13     | Identified the +8 battleaxe of the Undead {drain, rPois
                  | rC+} (You bought it in a shop on level 13 of the Dungeon)
 27121 | D:13     | Bought a potion of heal wounds for 145 gold pieces
 27121 | D:13     | Bought a scroll of magic mapping for 101 gold pieces
 27341 | D:13     | You fall into a shaft and drop 2 floors!
 27341 | D:15     | Entered Level 15 of the Dungeon
 27658 | D:14     | Reached skill level 10 in Invocations
 28169 | D:14     | Reached XP level 16. HP: 135/152 MP: 23/23
 28708 | D:14     | Found a gate to the Vaults.
 28947 | D:14     | Found the +27 Lear's hauberk
 30080 | D:15     | Found a staircase to the Depths.
 30566 | Orc:1    | Entered Level 1 of the Orcish Mines
 30566 | Orc:1    | Found Qouj's Distillery.
 30686 | Orc:1    | Found Qofucsyz's Distillery.
 30733 | Orc:1    | Bought a potion of curing for 39 gold pieces
 30733 | Orc:1    | Bought a potion of lignification for 39 gold pieces
 30733 | Orc:1    | Bought a potion of heal wounds for 65 gold pieces
 30733 | Orc:1    | Bought a potion of heal wounds for 65 gold pieces
 30823 | Orc:1    | Found Ero Xokhleu's Jewellery Shoppe.
 30929 | Orc:1    | Found a large runed translucent door.
 30929 | Orc:1    | Found a large runed translucent door.
 30930 | Orc:1    | Noticed Dufo Axt's ghost (journeyman MfHu)
 30935 | Orc:1    | Found Pakiumoi's General Store.
 31103 | Orc:1    | Killed Dufo Axt's ghost
 31238 | Orc:2    | Entered Level 2 of the Orcish Mines
 32682 | Orc:2    | Found a runed translucent gate.
 32682 | Orc:2    | Found a runed translucent gate.
 32682 | Orc:2    | Found a runed translucent gate.
 32686 | Orc:2    | Noticed crabbyslav's ghost (adept DsVM)
 32800 | Orc:2    | Found an iron altar of Okawaru.
 32886 | Orc:2    | Found Ywuedyth's Book Shoppe.
 32926 | Orc:2    | Found a staircase to the Elven Halls.
 33319 | Orc:2    | Found Lickerim's Book Shoppe.
 33319 | Orc:2    | Found Areenado's Antique Weapon Shoppe.
 33320 | Orc:2    | Found Pon Meceubb's Weapon Shoppe.
 33320 | Orc:2    | Found Piyseesk's Jewellery Emporium.
 33331 | Orc:2    | Bought the ring of Mistrust {rF+ rN+ Str+3 Int+3} for 745
                  | gold pieces
 33331 | Orc:2    | Bought the ring of the Circus Animal {rF+ rN+ rCorr Int+2}
                  | for 700 gold pieces
 33486 | Orc:2    | Reached skill level 19 in Axes
 33499 | Orc:2    | Killed crabbyslav's ghost
 34003 | Snake:1  | Entered Level 1 of the Snake Pit
 34107 | Snake:1  | Found an ornate altar of the Wu Jian Council.
 34131 | Snake:1  | Cast into level 2 of the Abyss (naga warrior)
 34187 | Snake:1  | Escaped the Abyss
 34679 | Snake:1  | Found Ruga's Armour Emporium.
 34687 | Snake:1  | Reached XP level 17. HP: 140/162 MP: 25/25
 34750 | Snake:1  | Bought a +1 pair of gloves of strength for 264 gold pieces
 36410 | Snake:2  | You fall into a shaft and drop 1 floor!
 36410 | Snake:3  | Noticed Vashnia
 36415 | Snake:3  | HP: 6/162 [Vashnia/arrow (37)]
 36415 | Snake:3  | Shot with an arrow by a naga sharpshooter

Illustrated notes

Levels and vault maps discovered:
D:1:      arrival_aquarium_a, layout_loops_ring,
          shapermc_ecumenical_altar_totnotflames, st_stairs_7
D:2:      layout_basic, basic_altar, serial_shops, nicolae_shop_behind_doors,
          uniq_natasha
D:3:      layout_rooms, minmay_close_crescents
D:4:      layout_basic, uniq_ijyb
D:5:      minmay_general_purpose_star, layout_gridville,
          nicolae_vehumet_altar_sigil, uniq_sigmund
D:6:      layout_rooms, nemelex_diamond_rough_becter, enter_ossuary_4,
          uniq_eustachio
D:7:      layout_basic, minmay_temple_entry_statues_fountains, enter_bailey_6,
          supply_closet_lemuel, uniq_harold, uniq_joseph
D:8:      gammafunk_steamed_eel, layout_basic, amcnicky_altar_gilded,
          uniq_prince_ribbit1, uniq_maggie, uniq_maurice, uniq_pikel
D:9:      layout_basic, david_orc_3
D:10:     lemuel_insect_pit, layout_layer_cave, nicolae_ru_sacrificial_ziggurat,
          erik_lair_orcish_takeover, eino_tiny_chamber
D:11:     dragon1_lemuel, layout_loops_ring, uniq_fannar, uniq_erica
D:12:     layout_big_octagon, minmay_protected_statue
D:13:     layout_long_grid, serial_shops, nicolae_shop_crystal,
          nicolae_shop_temple_entry_statues_fountains, shop,
          kennysheep_mini_moat, gauntlet_entry_generic, uniq_azrael
D:14:     layout_roguey, ximxim_vaults_locker_room, minivault_4, nrook_uturn
D:15:     grunt_enter_depths_snipers, layout_basic, abandoned_shop,
          minmay_checkerbox
Temple:   compressed_dpeg_circular_temple
Lair:1:   layout_regular_city, chequers_serial_rivers_large_a,
          serial_bayou_pond_a, infiniplex_staircase_pool_2
Lair:2:   layout_loops_ring, wad_woods_river_01, infiniplex_staircase_pool,
          grunt_megastairs_4, uniq_gastronok
Lair:3:   layout_cave_pods, shoals_dummy_entry
Lair:4:   layout_long_grid, guppyfry_snake_entry_island, gammafunk_ghost_ooze,
          lemuel_fruit_tree, grunt_megastairs_2, uniq_snorg
Lair:5:   layout_loops_ring, slime_altar_2, minmay_lindwurm_lava
Lair:6:   due_jungle_book, layout_loops_ring, chequers_serial_rivers_large_b,
          kennysheep_snail_temple, minmay_lair_oklob_chamber,
          lemuel_fruit_fields
Snake:1:  layout_chambers, basic_altar, serial_shops, nicolae_shop_trees
Snake:2:  layout_layer_cave, nicolae_snake_ghostly_warrior_ritual,
          minmay_shoptagon
Snake:3:  layout_cave_shapes, st_stairs_9, grunt_ministairs_11,
          minmay_shop_grove, grunt_megastairs_3, serial_bayou_shore_b,
          serial_bayou_shore_a, uniq_kirke, uniq_vashnia
Orc:1:    layout_caves, ebering_ghost_disaster_area, serial_shops, shop,
          nicolae_shop_trees, shop, shop, nicolae_orc_tapped_out
Orc:2:    st_orc_pillars, layout_caves, gammafunk_ghost_fury_of_okawaru,
          serial_shops, shop_statue, nicolae_orc_crystal_geode

Skill      XL: |  1  2  3  4  5  6  7  8  9 10 11 12 13 14 15 16 |
---------------+-------------------------------------------------+-----
Axes           | 3 4 5 7 9 11 13 14 15 17 18 19 | 19.2
Stealth        | 1 2 3 4 5 8 10 11 12 | 12.5
Dodging        | 1 2 3 4 5 6 7 |  7.2
Armour         | 3 4 5 6 7 |  7.3
Shields        | 3 4 5 6 7 |  7.2
Fighting       | 4 6 7 8 9 10 11 12 | 12.5
Evocations     | 2 3 4 |  4.1
Invocations    | 3 6 8 10 11 | 11.5

Action                   |  1- 3 |  4- 6 |  7- 9 | 10-12 | 13-15 | 16-18 || total
-------------------------+-------+-------+-------+-------+-------+-------++-------
Melee: War axe           |    64 |   131 |   156 |       |       |       ||   351
       Executioner's axe |       |       |   104 |   308 |   535 |   328 ||  1275
       Constrict         |       |       |       |       |    91 |    81 ||   172
Invok: Bend Time         |       |       |       |     9 |    19 |     3 ||    31
       Step From Time    |       |       |       |       |     2 |       ||     2
       Slouch            |       |       |       |       |     2 |       ||     2
 Abil: Spit Poison       |       |    21 |     1 |       |       |       ||    22
Evoke: Wand              |       |       |     6 |    35 |    26 |     4 ||    71
  Use: Potion            |       |     1 |       |     1 |     3 |     4 ||     9
       Scroll            |       |     2 |    14 |     7 |    18 |     4 ||    45
 Stab: Sleeping          |       |       |     7 |    10 |    29 |       ||    46
       Distracted        |       |       |       |       |     4 |     3 ||     7
Armor: Scale mail        |    41 |    37 |       |       |       |       ||    78
       Leather armour    |       |     4 |   141 |   206 |   345 |    28 ||   724
       Plate armour      |       |       |       |       |       |   299 ||   299
Dodge: Dodged            |    25 |    28 |   149 |   269 |   580 |   207 ||  1258
Block: Kite shield       |    35 |   103 |   147 |       |       |       ||   285
       Reflection        |       |       |     1 |     4 |    10 |    11 ||    26
       Other             |       |       |    32 |    90 |   178 |    94 ||   394

Table legend: (Time is in decaauts)
 A = Elapsed time spent in this place.
 B = Non-inter-level travel time spent in this place.
 C = Inter-level travel time spent in this place.
 D = Time resting spent in this place.
 E = Time spent auto-exploring this place.
 F = Levels seen in this place.
 G = Mean time per level.
                   A        B        C        D        E       F      G
               +--------+--------+--------+--------+--------+-----+--------+
         Total |  58040 |  54705 |   3335 |   8140 |  39349 |  28 | 2072.9 |
       Dungeon |  30643 |  28377 |   2266 |   4059 |  20476 |  15 | 2042.9 |
        Temple |    158 |    158 |      0 |      0 |    140 |   1 |  158.0 |
          Lair |  17608 |  16827 |    781 |   2156 |  12351 |   6 | 2934.7 |
     Snake Pit |   4209 |   4154 |     55 |    856 |   3061 |   3 | 1403.0 |
  Orcish Mines |   5288 |   5056 |    232 |   1068 |   3319 |   2 | 2644.0 |
         Abyss |    132 |    132 |      0 |      0 |      0 |   1 |  132.0 |
               +--------+--------+--------+--------+--------+-----+--------+

Top non-repeatable levels by time:
  Lair:6: 4680 daAuts
 Snake:1: 4106 daAuts
    D:11: 3583 daAuts
    D:10: 3380 daAuts
   Orc:2: 3155 daAuts
    D:14: 3049 daAuts
  Lair:4: 3020 daAuts
  Lair:3: 2939 daAuts
  Lair:2: 2686 daAuts
     D:9: 2544 daAuts
    D:12: 2414 daAuts
  Lair:1: 2227 daAuts
   Orc:1: 2132 daAuts
  Lair:5: 2054 daAuts
    D:15: 2046 daAuts
